[Event "Titled Tuesday Blitz April 25 Early 2023"]
[White "Tactrics"]
[Black "Hnydiuk, Aleksander"]
[BlackFideId "1109057"]
[WhiteElo "2963"]
[BlackElo "2374"]
[Result "1-0"]
[Round "01"]
[TimeControl "180+2"]
[Date "2023.04.25"]
[WhiteClock "0:00:06"]
[BlackClock "0:00:01"]

1. e4 Nf6 2. Nc3 e5 3. Nf3 Nc6 4. d4 exd4 5. Nxd4 Bb4 6. Nxc6 bxc6 7. Bd3 d5 8. exd5 cxd5 9. O-O O-O 10. h3 h6 11. Qf3 Rb8 12. Bf4 Bd6 13. b3 c6 14. Rad1 Rb4 15. Bxd6 Qxd6 16. Na4 Nd7 17. c4 Ne5 18. Qg3 Rd8 19. Rfe1 Nxd3 20. Re8+ Kh7 21. Qxd3+ g6 22. Rxd8 Qxd8 23. cxd5 cxd5 24. Qxd5 Qxd5 25. Rxd5 Re4 26. Nc3 Re1+ 27. Kh2 Rc1 28. Rc5 Be6 29. Kg3 Rc2 30. Rc7 a5 31. Rc5 Kg7 32. Kf3 h5 33. h4 Kf8 34. g3 Ke8 35. Ke3 Kd7 36. f3 Kd8 37. Kf4 Kd7 38. Ke5 Rf2 39. Ke4 Rc2 40. Kd3 Rf2 41. Ke3 Rc2 42. f4 Kd8 43. Kd3 Rg2 44. Rxa5 Rxg3+ 45. Kd4 Rg4 46. Ke5 Rxh4 47. b4 Rh3 48. Ne4 h4 49. Nc5 Kc7 50. Ra6 Re3+ 51. Kd4 Re1 52. Ra3 h3 53. Nxe6+ Rxe6 54. Rxh3 Kb6 55. a4 Re1 56. Rh7 Rd1+ 57. Kc3 Rc1+ 58. Kb3 Rc7 59. Rh8 Re7 60. Rf8 Re3+ 61. Kc2 Re4 62. Kc3 Re3+ 63. Kd4 Rb3 64. Kc4 Re3 65. Rxf7 Re4+ 66. Kc3 Re3+ 67. Kd4 Ra3 68. Rf6+ Kb7 69. a5 1-0


[Site "https://www.chess.com"]

[Event "Titled Tuesday Blitz April 25 Early 2023"]
[White "Reprintsev, Alexander"]
[Black "Eljanov, Pavel"]
[WhiteFideId "14100541"]
[BlackFideId "14102951"]
[WhiteElo "2211"]
[BlackElo "2598"]
[Result "1-0"]
[Round "01"]
[TimeControl "180+2"]
[Date "2023.04.25"]
[WhiteClock "0:00:24"]
[BlackClock "0:00:01"]

1. e4 c6 2. Nc3 d5 3. Nf3 dxe4 4. Nxe4 Nf6 5. Qe2 Nxe4 6. Qxe4 Nd7 7. Bc4 Nf6 8. Ne5 e6 9. Qe2 b5 10. Bd3 Qc7 11. a4 Bd6 12. Nxc6 b4 13. Nd4 a6 14. b3 Bb7 15. Bb2 O-O 16. O-O-O Rfd8 17. Nf3 Nd5 18. g3 h6 19. Rhe1 Be7 20. Ne5 Nf6 21. f4 Rac8 22. Kb1 Rxd3 23. Qxd3 a5 24. g4 Nd5 25. Rf1 Rd8 26. Qc4 Qb6 27. Bd4 Qd6 28. f5 Ba6 29. Qc6 Bxf1 30. Qxd6 Rxd6 31. Rxf1 exf5 32. Nc4 Re6 33. gxf5 Re2 34. h3 Rh2 35. Be5 Rxh3 36. Nxa5 h5 37. Nc6 Bf6 38. Bxf6 gxf6 39. a5 Nc7 40. Nxb4 Rh4 41. c4 1-0


[Site "https://www.chess.com"]

[Event "Titled Tuesday Blitz April 25 Early 2023"]
[White "Hakobyan, Aram"]
[Black "Girsh, Daniel"]
[WhiteFideId "13306677"]
[BlackFideId "30949190"]
[WhiteElo "2584"]
[BlackElo "2075"]
[Result "1-0"]
[Round "01"]
[TimeControl "180+2"]
[Date "2023.04.25"]
[WhiteClock "0:01:12"]
[BlackClock "0:01:00"]

1. d4 Nf6 2. c4 e6 3. a3 d5 4. cxd5 exd5 5. Nc3 c6 6. Bf4 Bd6 7. Bxd6 Qxd6 8. e3 O-O 9. Bd3 Re8 10. Nge2 Nbd7 11. O-O Nf8 12. Ng3 Ng6 13. Qd2 Bd7 14. f3 c5 15. Rae1 cxd4 16. exd4 Qb6 17. Bb1 Rxe1 18. Rxe1 Re8 19. Rxe8+ Bxe8 20. Nf5 Bd7 21. Ne3 Nf4 22. g3 Ne6 23. Nexd5 Nxd5 24. Nxd5 Qxd4+ 25. Qxd4 Nxd4 26. Kf2 Kf8 27. h4 Bc6 28. Nb4 Bb5 29. Ke3 Nc6 30. Nxc6 Bxc6 31. Be4 Bxe4 32. Kxe4 Ke7 33. Ke5 f6+ 34. Kd5 Kd7 35. h5 g6 36. g4 g5 37. b3 h6 38. b4 b5 39. Kc5 Ke6 40. Kxb5 Ke5 41. Ka6 Kf4 42. Kxa7 Kxf3 43. b5 1-0


[Site "https://www.chess.com"]

[Event "Titled Tuesday Blitz April 25 Early 2023"]
[White "Ladan, Nicholas"]
[Black "Grigoriants, Sergey"]
[WhiteFideId "30918855"]
[BlackFideId "4130804"]
[WhiteElo "2167"]
[BlackElo "2502"]
[Result "1-0"]
[Round "01"]
[TimeControl "180+2"]
[Date "2023.04.25"]
[WhiteClock "0:00:14"]
[BlackClock "0:00:02"]

1. d4 Nf6 2. Nf3 d5 3. Bf4 c5 4. e3 Nc6 5. Nbd2 cxd4 6. exd4 Bg4 7. c3 e6 8. Qa4 Bd6 9. Ba6 Bxf4 10. Bxb7 O-O 11. Bxc6 Rb8 12. b4 Bxf3 13. Nxf3 Ne4 14. c4 Ng5 15. Nxg5 Qxg5 16. O-O dxc4 17. b5 c3 18. Qxa7 c2 19. Qc5 c1=Q 20. Rfxc1 Bxc1 21. Qxc1 Qf6 22. a4 Qxd4 23. a5 Rfc8 24. a6 Rc7 25. Qd1 Qc5 26. Rc1 Qa3 27. Ra1 Qc5 28. h3 g6 29. Qa4 Ra7 30. Rd1 Rc8 31. Qd4 Qc2 32. Rd2 Qc1+ 33. Rd1 Qc2 34. Qxa7 Qxd1+ 35. Kh2 Qd6+ 36. g3 e5 37. Qe3 1-0


[Site "https://www.chess.com"]

[Event "Titled Tuesday Blitz April 25 Early 2023"]
[White "Abdrlauf, Elham"]
[Black "Arencibia Monduy, Antonio"]
[WhiteFideId "1533533"]
[BlackFideId "3507939"]
[WhiteElo "2469"]
[BlackElo "2501"]
[Result "1-0"]
[Round "01"]
[TimeControl "180+2"]
[Date "2023.04.25"]
[WhiteClock "0:00:15"]
[BlackClock "0:00:01"]

1. e4 e6 2. d4 d5 3. Nc3 dxe4 4. Nxe4 Nd7 5. Nf3 Ngf6 6. Nxf6+ Nxf6 7. Bd3 Be7 8. O-O O-O 9. Qe2 b6 10. Bg5 Bb7 11. Rad1 h6 12. Bxf6 Bxf6 13. Be4 Bxe4 14. Qxe4 Qd5 15. Qxd5 exd5 16. Rfe1 Rfe8 17. Kf1 Rxe1+ 18. Rxe1 c5 19. Rd1 c4 20. Ne5 Kf8 21. f4 Ke7 22. Re1 Bxe5 23. Rxe5+ Kd6 24. g4 b5 25. Kf2 a5 26. a3 b4 27. a4 c3 28. b3 Ra7 29. g5 h5 30. g6 fxg6 31. Rg5 Re7 32. Rxg6+ Kd7 33. Ra6 Re4 34. Rxa5 Rxd4 35. Ke3 Rd2 36. Rb5 Kd6 37. Rxb4 Rxc2 38. Kd3 Rxh2 39. Kxc3 Rh3+ 40. Kc2 Rf3 41. a5 Kc5 42. Ra4 Rf2+ 43. Kc1 Rf1+ 44. Kb2 Rf2+ 45. Kb1 Rf1+ 46. Kc2 Rf2+ 47. Kd1 Rf1+ 48. Ke2 Rb1 49. a6 1-0


[Site "https://www.chess.com"]

[Event "Titled Tuesday Blitz April 25 Early 2023"]
[White "Zavortink, Matt"]
[Black "Pranesh M"]
[WhiteFideId "2034263"]
[BlackFideId "35028600"]
[WhiteElo "2500"]
[BlackElo "2437"]
[Result "0-1"]
[Round "01"]
[TimeControl "180+2"]
[Date "2023.04.25"]
[WhiteClock "0:00:12"]
[BlackClock "0:00:18"]

1. c4 c6 2. d4 d5 3. cxd5 cxd5 4. Bf4 Nf6 5. Nc3 Bf5 6. e3 e6 7. Qb3 Qb6 8. Bb5+ Nc6 9. Nf3 Nd7 10. O-O a6 11. Bxc6 bxc6 12. Na4 Qb5 13. Rfc1 Be7 14. Ne5 Nxe5 15. Bxe5 f6 16. Bg3 Kf7 17. Nc5 h5 18. h3 h4 19. Bh2 g5 20. Rc3 g4 21. hxg4 Bxg4 22. Rac1 Rhg8 23. Nd3 Bf3 24. Ne1 Rxg2+ 25. Nxg2 Rg8 26. Qxb5 Rxg2+ 27. Kf1 cxb5 28. Bf4 h3 29. Rc7 h2 30. Bxh2 Rxh2 31. Ke1 e5 32. Ra7 exd4 33. Rcc7 Rh1+ 34. Kd2 Rd1+ 35. Kc2 d3+ 36. Kc3 Rc1+ 37. Kxd3 Rxc7 38. Rxc7 Ke8 39. Ra7 Be4+ 40. Kd4 Bd6 41. f4 f5 42. Rxa6 Kd7 43. a4 bxa4 44. Rxa4 Bf8 45. Ra7+ Kc6 46. b4 Bxb4 47. Ra6+ Kb5 48. Ra8 Bc5+ 49. Ke5 Bxe3 50. Rb8+ Kc4 51. Rc8+ Bc5 0-1


[Site "https://www.chess.com"]

[Event "Titled Tuesday Blitz April 25 Early 2023"]
[White "Chigaev, Maksim"]
[Black "The_Sherman_Variation"]
[WhiteFideId "4108116"]
[WhiteElo "2547"]
[BlackElo "2497"]
[Result "1-0"]
[Round "01"]
[TimeControl "180+2"]
[Date "2023.04.25"]
[WhiteClock "0:00:08"]
[BlackClock "0:00:14"]

1. d4 Nf6 2. Bg5 h6 3. Bxf6 exf6 4. e3 d5 5. g3 c6 6. Bg2 Bf5 7. Nd2 Bd6 8. Ne2 O-O 9. O-O a6 10. c4 dxc4 11. Nxc4 Bc7 12. Rc1 Re8 13. d5 cxd5 14. Qxd5 Qxd5 15. Bxd5 Nc6 16. Bxc6 bxc6 17. Nd4 Be4 18. b3 c5 19. Ne2 Rad8 20. Rfd1 Bf3 21. Kf1 Kf8 22. Ke1 h5 23. h4 g6 24. Rxd8 Rxd8 25. Rd1 Rxd1+ 26. Kxd1 Ke7 27. Kd2 Ke6 28. Nf4+ Kf5 29. Nd3 g5 30. Nxc5 gxh4 31. gxh4 Kg4 32. Nxa6 Bh2 33. Ke1 Kxh4 34. Nd2 Bg2 35. Nc5 f5 36. Ke2 Bd6 37. Nd3 Kg4 38. Ne1 Bd5 39. f3+ Kg5 40. e4 Bb7 41. exf5 Kxf5 42. Ng2 Bg3 43. Ne3+ Kg5 44. Ne4+ Kf4 45. Ng2+ Ke5 46. Nxg3 h4 47. Nxh4 1-0


[Site "https://www.chess.com"]

[Event "Titled Tuesday Blitz April 25 Early 2023"]
[White "Roebers, Eline"]
[Black "Esipenko, Andrey"]
[WhiteFideId "1058401"]
[BlackFideId "24175439"]
[WhiteElo "2495"]
[BlackElo "2615"]
[Result "0-1"]
[Round "01"]
[TimeControl "180+2"]
[Date "2023.04.25"]
[WhiteClock "0:00:03"]
[BlackClock "0:00:05"]

1. e4 e5 2. Nf3 Nc6 3. Nc3 Nf6 4. a3 d5 5. Bb5 Nxe4 6. Qe2 Nxc3 7. Qxe5+ Be7 8. Qxc3 O-O 9. O-O Bf6 10. Qe3 Bf5 11. c3 Na5 12. b4 Nc4 13. Qf4 Bd3 14. Re1 c6 15. Bxc4 dxc4 16. a4 Qd5 17. Ba3 b6 18. Re3 Rfe8 19. Rae1 Rxe3 20. Rxe3 h6 21. h4 a5 22. bxa5 Rxa5 23. Qb8+ Kh7 24. Qxb6 Rxa4 25. Bc5 Bd8 26. Qb8 Ra1+ 27. Kh2 Qd7 28. Ne5 Bc7 29. Qf8 f6 30. f4 fxe5 31. fxe5 Qg4 32. Bd6 Bb6 33. Bc5 Bxc5 34. Qxc5 Qxh4+ 35. Rh3 Qe1 36. Rf3 Qh1+ 37. Kg3 Be4 38. Qe3 Bxf3 39. Qxf3 Qe1+ 40. Kh3 Qxe5 41. Qf2 Rh1+ 0-1


[Site "https://www.chess.com"]

[Event "Titled Tuesday Blitz April 25 Early 2023"]
[White "Van Foreest, Jorden"]
[Black "Korelskiy, Egor"]
[WhiteFideId "1039784"]
[BlackFideId "34329064"]
[WhiteElo "2633"]
[BlackElo "2186"]
[Result "1-0"]
[Round "01"]
[TimeControl "180+2"]
[Date "2023.04.25"]
[WhiteClock "0:00:54"]
[BlackClock "0:00:06"]

1. d4 d5 2. Nf3 e6 3. Bf4 Nf6 4. e3 c5 5. Nbd2 Nc6 6. c3 Bd6 7. Bg3 O-O 8. Bd3 Qe7 9. Ne5 Bxe5 10. dxe5 Nd7 11. Nf3 f5 12. exf6 Nxf6 13. c4 Rd8 14. Qe2 Nb4 15. Bb1 b6 16. a3 Nc6 17. O-O Ba6 18. Bd3 Na5 19. cxd5 Bxd3 20. Qxd3 exd5 21. b4 Nc4 22. bxc5 bxc5 23. Rab1 Ne4 24. Bh4 g5 25. Bg3 h5 26. h4 g4 27. Ng5 Nxg5 28. hxg5 Qxg5 29. Rb7 Qh6 30. Bf4 1-0


[Site "https://www.chess.com"]

[Event "Titled Tuesday Blitz April 25 Early 2023"]
[White "Goltseva, Ekaterina"]
[Black "Durarbayli, Vasif"]
[WhiteFideId "24173770"]
[BlackFideId "13402935"]
[WhiteElo "2200"]
[BlackElo "2551"]
[Result "0-1"]
[Round "01"]
[TimeControl "180+2"]
[Date "2023.04.25"]
[WhiteClock "0:00:05"]
[BlackClock "0:00:11"]

1. d4 Nf6 2. c4 e6 3. g3 c5 4. d5 exd5 5. cxd5 d6 6. Nc3 g6 7. Bg2 Bg7 8. Nf3 O-O 9. O-O Re8 10. Re1 Nbd7 11. h3 a6 12. a4 Ne4 13. Nxe4 Rxe4 14. Qc2 Qe7 15. Bf4 Nb6 16. Bxd6 Qxd6 17. Qxe4 Bxb2 18. Rab1 Bf5 19. Qh4 Bxb1 20. Rxb1 Bf6 21. Ng5 h5 22. Ne4 Bxh4 23. Nxd6 Bd8 24. a5 Nc8 25. Nxb7 Rb8 26. Be4 Bc7 27. Nxc5 Rxb1+ 28. Bxb1 Bxa5 29. Nxa6 Nb6 30. e4 Nd7 31. f4 Kf8 32. d6 f6 33. Bd3 Ke8 34. Bb5 Kd8 35. Nc7 Nc5 36. e5 fxe5 37. fxe5 Bxc7 38. dxc7+ Kxc7 39. Be8 h4 40. g4 g5 41. Bf7 Nd3 42. e6 Kd6 43. Kg2 Nf4+ 44. Kh2 Ke7 45. Bg8 Kd6 46. Bf7 Nxe6 47. Bg6 Nf4 48. Bf5 Ke5 49. Bd7 Kd4 50. Bf5 Ke3 51. Bd7 Kf2 52. Bc6 Nd3 53. Bb5 Ne5 54. Ba6 Nf3+ 55. Kh1 Kg3 56. Bb7 Nd4 57. Bc8 Ne2 58. Bd7 Nf4 59. Bc6 Nxh3 60. Bg2 Nf2+ 61. Kg1 Nxg4 62. Kh1 Ne5 63. Kg1 g4 64. Kh1 Nd3 65. Kg1 Nf2 66. Bf1 h3 67. Bg2 h2+ 68. Kf1 h1=Q+ 69. Bxh1 Nxh1 70. Kg1 Nf2 0-1


[Site "https://www.chess.com"]

[Event "Titled Tuesday Blitz April 25 Early 2023"]
[White "Kramnik, Vladimir"]
[Black "Begunov, Konstantin"]
[WhiteFideId "4101588"]
[BlackFideId "4118510"]
[WhiteElo "2712"]
[BlackElo "2087"]
[Result "1-0"]
[Round "01"]
[TimeControl "180+2"]
[Date "2023.04.25"]
[WhiteClock "0:01:09"]
[BlackClock "0:00:09"]

1. Nf3 d5 2. g3 c6 3. Bg2 Bg4 4. d3 Nd7 5. h3 Bh5 6. O-O e5 7. e4 dxe4 8. dxe4 Bc5 9. Nbd2 Qe7 10. Nb3 Bb6 11. a4 a5 12. Qe1 Bxf3 13. Bxf3 Nc5 14. Ra3 Na6 15. Nd2 Bc5 16. Rb3 Bb4 17. c3 Bc5 18. Nc4 Nf6 19. Nxa5 Bxf2+ 20. Qxf2 Nc5 21. Ra3 Rxa5 22. b4 Nd3 23. Qe3 Nxc1 24. Qxc1 Ra8 25. a5 O-O 26. Ra2 Rfd8 27. Rd1 Rxd1+ 28. Qxd1 Qe6 29. Rd2 Qxh3 30. Rd8+ Ne8 31. Rxa8 Qxg3+ 32. Kf1 Qh3+ 33. Bg2 Qe6 34. Qd8 Qc4+ 35. Kg1 1-0


[Site "https://www.chess.com"]

[Event "Titled Tuesday Blitz April 25 Early 2023"]
[White "Yurasova, Daria"]
[Black "Gupta, Abhijeet"]
[WhiteFideId "34146919"]
[BlackFideId "5010608"]
[WhiteElo "2134"]
[BlackElo "2528"]
[Result "0-1"]
[Round "01"]
[TimeControl "180+2"]
[Date "2023.04.25"]
[WhiteClock "0:00:09"]
[BlackClock "0:00:23"]

1. e4 c5 2. Nf3 d6 3. d4 cxd4 4. Nxd4 Nf6 5. Nc3 Nc6 6. Be2 e5 7. Nf3 h6 8. O-O Be7 9. h3 O-O 10. Be3 Be6 11. Qd2 a6 12. Rfd1 b5 13. a3 Rc8 14. Rac1 Na5 15. Qe1 Qc7 16. Nd2 Qb7 17. Bf3 Rxc3 18. bxc3 Rc8 19. c4 Nxc4 20. Nxc4 Rxc4 21. Bd2 Nxe4 22. Bb4 d5 23. Bxe7 Qxe7 24. Bxe4 Rxe4 25. Qc3 f6 26. Qa5 Ra4 27. Qb6 Kh7 28. Rd3 d4 29. Rg3 Bf5 30. Qc6 Rxa3 31. Rxa3 Qxa3 32. Re1 Qc3 33. Qxc3 dxc3 34. Ra1 b4 35. Ra2 a5 36. Kf1 b3 37. cxb3 c2 38. Ra1 Be6 39. Ke1 Bxb3 40. Kd2 a4 41. Kc1 Kg6 42. Kb2 Kf5 43. Re1 h5 44. Re3 h4 45. Rc3 g5 46. Rc6 Bd5 47. Rxc2 Bxg2 48. Rc3 g4 49. hxg4+ Kxg4 50. Rc8 h3 51. Rh8 Kf3 52. Ka3 Kxf2 53. Kxa4 Kg1 0-1


[Site "https://www.chess.com"]

[Event "Titled Tuesday Blitz April 25 Early 2023"]
[White "Svane, Frederik"]
[Black "Arat, Ufuk Sezen"]
[WhiteFideId "12923044"]
[BlackFideId "6309089"]
[WhiteElo "2502"]
[BlackElo "2289"]
[Result "1-0"]
[Round "01"]
[TimeControl "180+2"]
[Date "2023.04.25"]
[WhiteClock "0:01:18"]
[BlackClock "0:01:01"]

1. e4 c5 2. Nf3 e6 3. c3 d5 4. exd5 Qxd5 5. d4 Nf6 6. Na3 Nc6 7. Be3 cxd4 8. Nb5 Qd8 9. Nbxd4 Bd7 10. Be2 Be7 11. O-O Rc8 12. Nxc6 Bxc6 13. Ne5 Qc7 14. Nxc6 bxc6 15. c4 O-O 16. Qc2 c5 17. Rad1 Rfd8 18. b3 h6 19. Bf3 Nd7 20. g3 Bf6 21. Bg2 Ne5 22. Rxd8+ Rxd8 23. Rd1 Rd6 24. Rd2 Ng4 25. Rxd6 Qxd6 26. Bf4 Be5 27. h3 Bxf4 28. hxg4 Be5 29. Qe2 g6 30. Be4 Kg7 31. Kg2 Bd4 32. Bf3 f5 33. gxf5 gxf5 34. Qd3 Qe5 35. Qd2 Kg6 36. b4 Qf6 37. bxc5 Bxc5 38. Qd7 Qf7 39. Bh5+ 1-0


[Site "https://www.chess.com"]

[Event "Titled Tuesday Blitz April 25 Early 2023"]
[White "Garcia Almaguer, Juan Manuel"]
[Black "Steinberg, Nitzan"]
[WhiteFideId "5110491"]
[BlackFideId "2801795"]
[WhiteElo "2117"]
[BlackElo "2486"]
[Result "0-1"]
[Round "01"]
[TimeControl "180+2"]
[Date "2023.04.25"]
[WhiteClock "0:00:08"]
[BlackClock "0:00:26"]

1. e4 c5 2. Nf3 e6 3. d4 cxd4 4. Nxd4 Nc6 5. Nc3 Qc7 6. Be2 a6 7. Be3 Nf6 8. a3 Be7 9. g4 h6 10. h4 b5 11. Rg1 Nxd4 12. Bxd4 Bb7 13. Bf3 e5 14. Be3 b4 15. axb4 Bxb4 16. Qd3 Rc8 17. g5 hxg5 18. hxg5 Nh5 19. O-O-O Bxc3 20. bxc3 Nf4 21. Bxf4 exf4 22. g6 O-O 23. Kd2 Qe5 24. Qd4 d6 25. Rb1 Rc7 26. Rb6 Rd8 27. Rgb1 Bc8 28. Rb8 fxg6 29. R1b6 Kf8 30. Be2 Ke7 31. Bxa6 Qxd4+ 32. cxd4 g5 33. c3 g4 34. Bxc8 Rdxc8 35. Rxc8 Rxc8 36. Rb7+ Kf6 37. Kd3 Rh8 38. e5+ dxe5 39. dxe5+ Kxe5 40. Rxg7 Rh3+ 41. Ke2 Kf5 42. Rf7+ Ke4 43. Re7+ Kd5 44. Rg7 Rxc3 45. Rxg4 Ke4 46. Kf1 Kf3 0-1


[Site "https://www.chess.com"]

[Event "Titled Tuesday Blitz April 25 Early 2023"]
[White "Henriquez Villagra, Cristobal"]
[Black "Ljukin, Sergei"]
[WhiteFideId "3409350"]
[BlackFideId "14102200"]
[WhiteElo "2542"]
[BlackElo "2312"]
[Result "0-1"]
[Round "01"]
[TimeControl "180+2"]
[Date "2023.04.25"]
[WhiteClock "0:00:29"]
[BlackClock "0:00:19"]

1. e4 e6 2. d4 d5 3. Nc3 Bb4 4. exd5 exd5 5. Bd3 Nf6 6. h3 O-O 7. Qf3 Ne4 8. Ne2 f5 9. a3 Be7 10. Bf4 c6 11. h4 Nd7 12. h5 Ndf6 13. h6 g6 14. Qe3 Ng4 15. Qf3 Nexf2 16. Rf1 Ne4 17. O-O-O b5 18. Bxe4 fxe4 19. Qg3 b4 20. axb4 Bxb4 21. Be5 Bf5 22. Bg7 Rf7 23. Rf4 Qd7 24. Na4 Bd6 25. Nc5 Qe7 26. Rdf1 Bxf4+ 27. Rxf4 Qg5 28. Kb1 a5 29. Ka2 a4 30. Nc3 a3 31. bxa3 e3 32. Nd3 Bxd3 33. Rxf7 Bc4+ 34. Ka1 Kxf7 35. Qc7+ Qe7 36. Qxc6 Qxa3+ 0-1


[Site "https://www.chess.com"]

[Event "Titled Tuesday Blitz April 25 Early 2023"]
[White "Karamsetty, Jeevan"]
[Black "Gukesh D"]
[WhiteFideId "2025337"]
[BlackFideId "46616543"]
[WhiteElo "2111"]
[BlackElo "2612"]
[Result "0-1"]
[Round "01"]
[TimeControl "180+2"]
[Date "2023.04.25"]
[WhiteClock "0:01:08"]
[BlackClock "0:01:22"]

1. e4 c5 2. Nc3 Nc6 3. Bb5 Nd4 4. Bc4 e6 5. Nge2 Nf6 6. O-O a6 7. a4 Qc7 8. d3 Nc6 9. f4 d6 10. Ng3 g6 11. f5 Bg7 12. Bg5 O-O 13. Qd2 Ne5 14. Ba2 Bd7 15. Bh6 b5 16. h4 Bxh6 17. Qxh6 Neg4 18. Qg5 d5 19. Rf3 b4 20. Nce2 c4 21. h5 h6 0-1


[Site "https://www.chess.com"]

[Event "Titled Tuesday Blitz April 25 Early 2023"]
[White "Corrales Jimenez, Fidel"]
[Black "Petukhov, Dmitry"]
[WhiteFideId "3506690"]
[BlackFideId "4142748"]
[WhiteElo "2541"]
[BlackElo "2311"]
[Result "1-0"]
[Round "01"]
[TimeControl "180+2"]
[Date "2023.04.25"]
[WhiteClock "0:00:05"]
[BlackClock "0:00:25"]

1. e4 c5 2. Nf3 d6 3. d4 cxd4 4. Nxd4 Nf6 5. Nc3 Nc6 6. f3 e5 7. Nb3 Be7 8. Be3 O-O 9. Qd2 a5 10. a4 Be6 11. Bb5 Nb4 12. O-O d5 13. exd5 Nfxd5 14. Nxd5 Qxd5 15. Qxd5 Bxd5 16. c4 Nc2 17. cxd5 Nxe3 18. Rfc1 Nxd5 19. Nc5 Bxc5+ 20. Rxc5 Rfd8 21. Rd1 Nb4 22. Rxd8+ Rxd8 23. Rxe5 h6 24. h4 Rd2 25. Re8+ Kh7 26. Re7 Kg6 27. Rxb7 Rxb2 28. Bc4 f6 29. Rb5 h5 30. Rxa5 Nc2 31. Bd3+ Kh6 32. g4 hxg4 33. fxg4 Nd4 34. Rh5# 1-0


[Site "https://www.chess.com"]

[Event "Titled Tuesday Blitz April 25 Early 2023"]
[White "Bagrationi, Alexander"]
[Black "Lenderman, Aleksandr"]
[WhiteFideId "14104954"]
[BlackFideId "2021285"]
[WhiteElo "2398"]
[BlackElo "2607"]
[Result "1-0"]
[Round "01"]
[TimeControl "180+2"]
[Date "2023.04.25"]
[WhiteClock "0:00:21"]
[BlackClock "0:00:49"]

1. e4 g6 2. d4 Bg7 3. Nc3 c6 4. Nf3 d5 5. h3 Nf6 6. e5 Ne4 7. Bd3 Nxc3 8. bxc3 c5 9. O-O c4 10. Be2 Qa5 11. Bd2 Nc6 12. a4 Bf5 13. g4 Bd7 14. Ne1 O-O-O 15. Qb1 Qc7 16. f4 h5 17. Ng2 hxg4 18. hxg4 Rh3 19. Kf2 Rdh8 20. Bf3 Rxf3+ 21. Kxf3 Rh3+ 22. Kf2 Bxg4 23. Rh1 Rf3+ 24. Kg1 Qd7 25. Rh7 Rg3 26. Qe1 Rxg2+ 27. Kxg2 Qf5 28. Rxg7 Kd7 29. Rh7 g5 30. Rh2 gxf4 31. Kf2 Nd8 32. Ra2 Ne6 33. Qb1 Kc8 34. Rb2 Qe4 35. Rh8+ Nd8 36. Qe1 Qf3+ 37. Kg1 Bf5 38. Qf2 Qg4+ 39. Kh2 f3 40. Rb1 Kd7 41. Rg1 Qe4 42. Rh4 Qxc2 43. Rf4 Be4 44. Qe3 Qxa4 45. Rxe4 dxe4 46. Qxe4 Qc6 47. Qxc6+ Kxc6 48. Kg3 Kd5 49. Kxf3 Nc6 50. Rg7 b5 51. Rxf7 a5 52. Rf8 b4 53. Ra8 b3 54. Bc1 Nxd4+ 55. cxd4 c3 56. Rxa5+ Kc4 57. Rc5+ Kxd4 58. Be3+ Kd3 59. Rb5 b2 60. e6 Kc4 61. Rb8 Kd5 62. Ke2 Kxe6 63. Kd3 Kf5 64. Kxc3 Ke4 65. Bd2 e5 66. Kxb2 Kd3 67. Kc1 e4 68. Kd1 e3 69. Bxe3 Kxe3 70. Kc2 Kd4 71. Rb6 Ke5 72. Rb3 Kf6 73. Rc3 Kg7 74. Kd2 Kh8 75. Kd3 Kh7 76. Kd4 Kh6 77. Kd5 Kh7 78. Rc4 Kh8 79. Re4 Kh7 80. Rf4 Kh8 81. Ke5 Kg8 82. Rf5 Kg7 83. Rf6 Kg8 84. Ke6 Kg7 85. Ke7 Kh8 86. Rg6 Kh7 87. Kf7 Kh8 88. Rh6# 1-0


[Site "https://www.chess.com"]

[Event "Titled Tuesday Blitz April 25 Early 2023"]
[White "Zhigalko, Sergei"]
[Black "Huber, Benedikt"]
[WhiteFideId "13502956"]
[BlackFideId "12923583"]
[WhiteElo "2626"]
[BlackElo "2199"]
[Result "1-0"]
[Round "01"]
[TimeControl "180+2"]
[Date "2023.04.25"]
[WhiteClock "0:01:45"]
[BlackClock "0:00:23"]

1. e4 c5 2. Nf3 e6 3. c3 Nf6 4. e5 Nd5 5. Bc4 Nc6 6. O-O d6 7. d4 cxd4 8. cxd4 dxe5 9. dxe5 Be7 10. Qe2 Nb6 11. Bd3 Bd7 12. Nc3 Nb4 13. Bb1 N6d5 14. Rd1 Nxc3 15. bxc3 Nd5 16. Bd2 b5 17. Nd4 O-O 18. Nxb5 Qb6 19. Nd6 Bxd6 20. exd6 Rac8 21. c4 Nf6 22. Bc3 Rc6 23. Bxf6 gxf6 24. Bxh7+ 1-0


[Site "https://www.chess.com"]

[Event "Titled Tuesday Blitz April 25 Early 2023"]
[White "Garv Gaur"]
[Black "Mitrabha, Guha"]
[WhiteFideId "45030839"]
[BlackFideId "5057000"]
[WhiteElo "2068"]
[BlackElo "2507"]
[Result "0-1"]
[Round "01"]
[TimeControl "180+2"]
[Date "2023.04.25"]
[WhiteClock "0:00:56"]
[BlackClock "0:00:12"]

1. Nf3 c6 2. e3 d5 3. b3 Nf6 4. Bb2 Bf5 5. d3 e6 6. Nbd2 h6 7. g3 Bh7 8. Bg2 Nbd7 9. O-O Be7 10. Qe2 O-O 11. e4 a5 12. a3 b5 13. Rfe1 Qb6 14. Rab1 Rfc8 15. Ne5 Nxe5 16. Bxe5 Nd7 17. Bb2 Bf6 18. Bxf6 Nxf6 19. Kh1 Qc5 20. e5 Nd7 21. Nf1 Qxa3 22. g4 Qc5 23. Ng3 a4 24. bxa4 bxa4 25. Rb7 Ra7 26. Rxa7 Qxa7 27. f4 a3 28. Ra1 Rb8 29. c3 Rb2 30. Qe1 Bxd3 31. f5 a2 32. c4 Rb1 33. fxe6 fxe6 34. cxd5 Rxe1+ 35. Rxe1 a1=Q 0-1


[Site "https://www.chess.com"]

[Event "Titled Tuesday Blitz April 25 Early 2023"]
[White "Tari, Aryan"]
[Black "Rios Escobar, Adan"]
[WhiteFideId "1510045"]
[BlackFideId "3403645"]
[WhiteElo "2561"]
[BlackElo "2479"]
[Result "1/2-1/2"]
[Round "01"]
[TimeControl "180+2"]
[Date "2023.04.25"]
[WhiteClock "0:00:17"]
[BlackClock "0:00:07"]

1. e4 c5 2. Nf3 d6 3. Bc4 Nf6 4. d3 Nc6 5. O-O e6 6. c3 Be7 7. Bb3 O-O 8. Re1 b5 9. Nbd2 a5 10. a4 b4 11. Nf1 Ba6 12. Ng3 Rb8 13. Bc2 Qb6 14. h3 Rfd8 15. Bf4 Bf8 16. Nd2 d5 17. Bxb8 Qxb8 18. exd5 exd5 19. Nf3 g6 20. d4 Bg7 21. dxc5 bxc3 22. bxc3 Bf8 23. Bd3 Bxd3 24. Qxd3 Bxc5 25. Re2 Qxg3 26. Qb5 Qd6 27. Rae1 Ne4 28. Qd3 Nxf2 29. Rxf2 Qg3 30. Rf1 Rb8 31. Qxd5 Bxf2+ 32. Rxf2 Rb1+ 33. Rf1 Rxf1+ 34. Kxf1 Qc7 35. c4 Qb6 36. Ng5 Qb1+ 37. Kf2 Qc2+ 38. Kg3 Qc3+ 39. Kh2 Qe5+ 40. Qxe5 Nxe5 41. c5 h6 42. Ne4 f5 43. Nd6 Nc6 44. Kg3 Kf8 45. h4 Ke7 46. h5 gxh5 47. Kh4 Ke6 48. Kxh5 Kd5 49. Kxh6 Kxc5 50. Nxf5 Kb4 51. g4 Ne5 52. g5 Nf7+ 53. Kg6 Nxg5 54. Kxg5 Kxa4 55. Kf4 Kb4 56. Ke3 a4 57. Kd2 a3 58. Kc1 a2 59. Kb2 a1=Q+ 60. Kxa1 1/2-1/2


[Site "https://www.chess.com"]

[Event "Titled Tuesday Blitz April 25 Early 2023"]
[White "Baches Garcia, Guillermo"]
[Black "Demchenko, Anton"]
[WhiteFideId "2209764"]
[BlackFideId "4160258"]
[WhiteElo "2479"]
[BlackElo "2545"]
[Result "0-1"]
[Round "01"]
[TimeControl "180+2"]
[Date "2023.04.25"]
[WhiteClock "0:00:09"]
[BlackClock "0:00:55"]

1. e4 e5 2. Nf3 Nc6 3. Nc3 Nf6 4. d4 exd4 5. Nxd4 Bb4 6. Nxc6 bxc6 7. Bd3 Qe7 8. O-O d6 9. Bg5 h6 10. Bh4 g5 11. Bg3 Bg4 12. f3 Bd7 13. e5 Nh5 14. exd6 cxd6 15. Re1 Be6 16. Bf5 Nxg3 17. hxg3 d5 18. Qd3 O-O-O 19. a3 Bd6 20. Qa6+ Qb7 21. Qxb7+ Kxb7 22. Bxe6 fxe6 23. Rxe6 Bxg3 24. Na4 Rde8 25. Nc5+ Kb6 26. Na4+ Kc7 27. Rg6 Re2 28. c4 Rhe8 29. Rg7+ Kb8 0-1


[Site "https://www.chess.com"]